 Dungeon Crawl Stone Soup version 0.21.1-1-g345015f (webtiles) character file.

10702 Kairos the Cleaver (level 11, -16/85 HPs)
             Began as a Formicid Fighter on Apr 7, 2018.
             Was a High Priest of Okawaru.
             Demolished by a death yak (22 damage)
             ... on level 10 of the Dungeon.
             The game lasted 00:32:26 (13171 turns).

Kairos the Cleaver (Formicid Fighter)              Turns: 13171, Time: 00:32:26

Health: -16/85     AC: 14    Str: 21    XL:     11   Next: 97%
Magic:  8/13       EV: 16    Int:  8    God:    Okawaru [*****.]
Gold:   751        SH: 20    Dex: 18    Spells: 10/10 levels left

rFire    + . .     SeeInvis +   J - +0 executioner's axe
rCold    + . .     Gourm    .   c - +1 shield
rNeg     . . .     Faith    .   m - +3 scale mail
rPois    +         Spirit   .   (helmet unavailable)
rElec    .         Reflect  +   A - scarf {rC+ rF+}
rCorr    .         Harm     .   t - +0 pair of gloves
MR       +....                  (no boots)
Stlth    +++.......             l - +5 amulet of reflection
HPRegen  0.24/turn              L - +5 ring of dexterity
MPRegen  0.13/turn              e - ring of poison resistance

@: heroism, finesse
A: permanent stasis, dig shafts and tunnels, four strong arms, antennae 3
a: Dig, Shaft Self, Heroism, Finesse, Renounce Religion


You were on level 10 of the Dungeon.
You worshipped Okawaru.
Okawaru was extremely pleased with you.
You were not hungry.

You visited 1 branch of the dungeon, and saw 11 of its levels.
You also visited: Sewer and Bailey.

You collected 751 gold pieces.

Inventory:

Hand Weapons
 a - a +1 war axe
 u - the +9 staff of Olgreb {rPois}
   (You took it off an orc in a bailey)

   It protects you from poison.
 B - a +3 flail
 D - a +2 flail of draining
 F - a +3 hunting sling
 J - a +0 executioner's axe (weapon)
 P - a +0 hand axe of flaming
Missiles
 p - 8 poisoned javelins (quivered)
 O - 20 tomahawks of returning
 S - 2 silver tomahawks
Armour
 c - a +1 shield (worn)
 m - a +3 scale mail (worn)
 t - a +0 pair of gloves (worn)
 A - a scarf of resistance (worn)
Jewellery
 e - a ring of poison resistance (right hand)
 l - a +5 amulet of reflection (around neck)
 q - an uncursed ring of protection from magic
 z - an uncursed ring of resist corrosion
 E - an uncursed amulet of harm
 L - a +5 ring of dexterity (left hand)
Wands
 v - a wand of random effects (19)
 y - a wand of flame (38)
Scrolls
 h - 3 scrolls of fear
 j - a scroll of summoning {unknown}
 k - 4 scrolls of amnesia
 n - 2 scrolls of fog
 x - 4 scrolls of remove curse
 I - 3 scrolls of identify
 T - a scroll of torment {unknown}
 U - a scroll of immolation {unknown}
Potions
 b - a potion of cancellation
 d - 2 potions of might
 g - 2 potions of agility
 i - 6 potions of curing
 o - 4 potions of mutation
 r - 2 potions of brilliance
 s - 5 potions of flight
 w - 5 potions of heal wounds
 G - 2 potions of invisibility
 H - 2 potions of lignification
 K - a potion of berserk rage {unknown}
 Q - a potion of degeneration {unknown}
 R - a potion of resistance {unknown}
Books
 C - a book of Frost

   Spells                             Type                      Level
   a - Freeze                         Ice                          1
   b - Throw Frost                    Conjuration/Ice              2
   c - Ozocubu's Armour               Charms/Ice                   3
   d - Throw Icicle                   Conjuration/Ice              4
   e - Summon Ice Beast               Ice/Summoning                4
 N - a book of Maledictions

   Spells                             Type                      Level
   a - Corona                         Hexes                        1
   b - Ensorcelled Hibernation        Hexes/Ice                    2
   c - Confuse                        Hexes                        3
   d - Tukima's Dance                 Hexes                        3
   e - Dazzling Spray                 Conjuration/Hexes            3
 V - a book of Clouds

   Spells                             Type                      Level
   a - Poisonous Vapours              Poison/Air                   2
   b - Mephitic Cloud                 Conjuration/Poison/Air       3
   c - Conjure Flame                  Conjuration/Fire             3
   d - Freezing Cloud                 Conjuration/Ice/Air          6
   e - Ring of Flames                 Charms/Fire                  7
Miscellaneous
 M - a phial of floods
Comestibles
 f - 20 rations


   Skills:
 + Level 7.7(12.7) Fighting
 * Level 11.9(16.9) Axes
 + Level 7.8(12.8) Armour
 + Level 3.8(8.8) Dodging
 + Level 2.7(7.7) Stealth
 + Level 10.4(15.4) Shields
 * Level 3.5 Invocations
 + Level 1.1 Evocations


You had 10 spell levels left.
You didn't know any spells.

Dungeon Overview and Level Annotations

Branches:
Dungeon (11/15)            Temple (0/1) D:6            Lair (0/6) D:11
    Orc (0/2) D:9

Altars:
Dithmenos
Elyvilon
Gozag
Kikubaaqudgha
Nemelex Xobeh
Okawaru
Qazlal
Trog
Xom
Zin

Shops:
D:9 *


Innate Abilities, Weirdness & Mutations

You cannot be hasted, slowed, berserked, paralysed or teleported.
You can dig through walls and to a lower floor.
Your four strong arms can wield two-handed weapons with a shield.
You have a pair of large antennae on your head. (SInv)


Message History

The death yak is heavily wounded.
You block the death yak's attack.
You can now deal lightning-fast blows.
You block the death yak's attack.
You hit the death yak but do no damage.
The death yak is heavily wounded.
You slash the death yak!
The death yak is severely wounded.
The death yak gores you!
* * * LOW HITPOINT WARNING * * *
You hit the death yak but do no damage.
The death yak is severely wounded.
The death yak gores you.
* * * LOW HITPOINT WARNING * * *
You slash the death yak!
The death yak is almost dead.
You hit the death yak but do no damage.
The death yak is almost dead.
The death yak gores you!!
You die...

#.##.....................#...
#.#..........................
##.....................#.....#
#.)...........###......#......
####...........###........###.
#(..........##..#.....## ##
#...........#.###.....# #
#...........)####..##.#
#######........Y@..###..###.##
#......................## #..#
######.................# ##.##
# #####.##............#..##
#...###
#.##.###........#..##...#
#...... #.#.##
#......##...#....###......
##.##
###..............(....#... ###
###.####....###...#....#..
#.#####...#
##....##..####.....


You could see a death yak.

Vanquished Creatures
  3 two-headed ogres
  A gargoyle (D:8)
  2 trolls (D:10)
  A hornet (D:8)
  The ghost of Totori the Geomancer, an amateur DrEE (D:4)
  2 hippogriffs
  The ghost of glosham the Chopper, an amateur OpBe of Trog (D:5)
  11 yaks
  Grum (D:9)
  Edmund (D:5)
  2 soldier ants (D:8)
  2 wargs (D:9)
  A water moccasin (D:8)
  Purgy (Sewer)
  10 orc warriors
  4 ice beasts
  A black bear (D:7)
  8 ogres
  3 centaurs
  2 wolves (D:9)
  Blork the orc (D:4)
  A big kobold (D:9)
  3 bullfrogs
  A scorpion (D:9)
  A water moccasin skeleton (D:9)
  5 killer bees (D:9)
  A howler monkey (D:8)
  2 crimson imps (D:5)
  A centaur zombie (D:10)
  2 quasits
  A jelly (D:7)
  A centaur skeleton (D:10)
  6 orc priests
  5 hounds
  4 bullfrog skeletons
  2 iguanas
  3 orc wizards
  11 worker ants
  2 worker ant zombies
  12 adders
  9 gnolls
  4 shadow imps
  3 adder skeletons
  An adder zombie (D:6)
  4 worms
  5 dart slugs
  5 leopard geckos
  31 orcs
  8 giant cockroaches
  12 hobgoblins
  19 jackals
  2 quokkas (D:3)
  4 ball pythons
  7 bats
  4 frilled lizards
  18 goblins
  15 kobolds
  A leopard gecko skeleton (D:4)
  A quokka skeleton (D:7)
  11 rats
287 creatures vanquished.

Vanquished Creatures (others)
  A human (D:2)
  A hobgoblin (D:2)
  9 kobolds (Bailey)
  A goblin (D:2)
12 creatures vanquished.

Grand Total: 299 creatures vanquished

Notes
Turn   | Place    | Note
-------+----------+-------------------------------------------
     0 | D:1      | Kairos the Formicid Fighter began the quest for the Orb.
     0 | D:1      | Reached XP level 1. HP: 18/18 MP: 1/1
    81 | D:1      | Reached XP level 2. HP: 24/24 MP: 2/2
   438 | D:1      | Reached XP level 3. HP: 29/29 MP: 3/3
   709 | D:2      | Found a white marble altar of Elyvilon.
   867 | D:2      | Reached XP level 4. HP: 26/36 MP: 4/4
   873 | D:2      | Reached skill level 3 in Axes
  1205 | D:2      | Reached XP level 5. HP: 42/42 MP: 5/5
  1229 | D:2      | Found an ancient bone altar of Kikubaaqudgha.
  1230 | D:2      | Noticed a human
  1234 | D:2      | Killed a human
  1545 | D:3      | Reached skill level 4 in Axes
  1683 | D:3      | Reached XP level 6. HP: 48/48 MP: 6/6
  1973 | D:4      | Reached skill level 5 in Shields
  2107 | D:4      | Found a stormy altar of Qazlal.
  2134 | D:4      | Reached skill level 1 in Dodging
  2305 | D:4      | Found a glowing silver altar of Zin.
  2306 | D:4      | Found a shimmering altar of Xom.
  2306 | D:4      | Noticed an angel
  2309 | D:4      | Noticed Blork the orc
  2333 | D:4      | Killed Blork the orc
  2333 | D:4      | Reached skill level 5 in Axes
  2333 | D:4      | Reached XP level 7. HP: 34/54 MP: 7/7
  2992 | D:4      | Noticed Totori's ghost (amateur DrEE)
  3007 | D:4      | Killed Totori's ghost
  3108 | D:5      | Entered Level 5 of the Dungeon
  3148 | D:5      | Reached XP level 8. HP: 59/61 MP: 8/8
  3148 | D:5      | Reached skill level 6 in Axes
  3164 | D:5      | Found a glowing drain.
  3200 | Sewer    | Entered a sewer
  3250 | Sewer    | Noticed Purgy
  3258 | Sewer    | Killed Purgy
  3440 | D:5      | Noticed Edmund
  3455 | D:5      | Killed Edmund
  3455 | D:5      | Reached skill level 5 in Fighting
  3463 | D:5      | Reached skill level 5 in Armour
  3716 | D:5      | Noticed glosham's ghost (amateur OpBe)
  4425 | D:5      | Found a shadowy altar of Dithmenos.
  4425 | D:5      | Found an iron altar of Okawaru.
  4426 | D:5      | Found a bloodstained altar of Trog.
  4473 | D:5      | Became a worshipper of Warmaster Okawaru
  4531 | D:5      | Killed glosham's ghost
  4531 | D:5      | Reached skill level 7 in Axes
  4605 | D:5      | Reached XP level 9. HP: 68/68 MP: 9/9
  4659 | D:6      | Found a sparkling altar of Nemelex Xobeh.
  4660 | D:6      | Found an opulent altar of Gozag.
  5253 | D:6      | Found a staircase to the Ecumenical Temple.
  5270 | D:6      | Reached * piety under Okawaru
  5330 | D:6      | Reached skill level 8 in Axes
  7001 | D:8      | Noticed a gargoyle
  7001 | D:8      | Noticed a hippogriff
  7018 | D:8      | Killed a hippogriff
  7018 | D:8      | Reached ** piety under Okawaru
  7018 | D:8      | Reached XP level 10. HP: 56/77 MP: 10/10
  7026 | D:8      | Killed a gargoyle
  7497 | D:8      | Reached skill level 9 in Axes
  7552 | D:8      | Noticed a two-headed ogre
  7564 | D:8      | Killed a two-headed ogre
  7564 | D:8      | Reached *** piety under Okawaru
  7564 | D:8      | Reached skill level 1 in Stealth
  8606 | D:8      | Noticed a two-headed ogre
  8613 | D:8      | Killed a two-headed ogre
  8613 | D:8      | Reached skill level 10 in Axes
  8785 | D:9      | Found a staircase to the Orcish Mines.
  8810 | D:9      | Reached XP level 11. HP: 79/84 MP: 11/11
  8906 | D:9      | Noticed Grum
  8925 | D:9      | Reached **** piety under Okawaru
  8933 | D:9      | Killed Grum
  9486 | D:9      | Reached skill level 1 in Invocations
  9865 | D:9      | Found Fiureler's Assorted Antiques.
 10277 | D:10     | Entered Level 10 of the Dungeon
 10279 | D:10     | Noticed a two-headed ogre
 10294 | D:9      | Killed a two-headed ogre
 10294 | D:9      | Reached skill level 11 in Axes
 10704 | D:10     | Found a flagged portal.
 10712 | D:10     | Reached ***** piety under Okawaru
 10725 | Bailey   | Entered a bailey
 10766 | Bailey   | Reached skill level 10 in Shields
 11119 | D:10     | Reached skill level 1 in Evocations
 11158 | D:10     | Received a gift from Okawaru
 13129 | D:11     | Noticed a death yak
 13131 | D:11     | Noticed a death yak
 13131 | D:11     | Noticed a death yak
 13131 | D:11     | Found a staircase to the Lair.
 13131 | D:11     | Noticed a death yak
 13132 | D:11     | Noticed a death yak
 13132 | D:11     | Noticed a death yak
 13171 | D:10     | Demolished by a death yak

Skill      XL: |  1  2  3  4  5  6  7  8  9 10 11 |
---------------+----------------------------------+-----
Shields        | 4 5 7 8 9 10 | 10.4
Axes           | 3 4 5 7 8 10 11 | 11.9
Fighting       | 4 5 6 7 |  7.7
Dodging        | 1 2 3 |  3.8
Armour         | 4 5 6 7 |  7.8
Stealth        | 2 |  2.7
Invocations    | 3 |  3.5
Evocations     | 1 |  1.1

Action                   |  1- 3 |  4- 6 |  7- 9 | 10-12 || total
-------------------------+-------+-------+-------+-------++-------
Melee: War axe           |    96 |   201 |   391 |   112 ||   800
       Executioner's axe |       |       |       |   292 ||   292
Invok: Heroism           |       |       |       |     2 ||     2
       Finesse           |       |       |       |     1 ||     1
 Abil: Dig               |       |       |       |     4 ||     4
Evoke: Wand              |       |       |     5 |    10 ||    15
  Use: Scroll            |       |     6 |     9 |     7 ||    22
       Potion            |       |       |       |     1 ||     1
  Eat: Chunk             |       |     5 |    12 |     7 ||    24
       Ration            |       |       |     1 |     4 ||     5
Armor: Scale mail        |    36 |    96 |    78 |   153 ||   363
Dodge: Dodged            |    38 |    78 |    80 |   227 ||   423
Block: Shield            |    47 |   194 |   288 |   523 ||  1052
       Reflection        |     1 |     5 |     3 |    62 ||    71
